 Dungeon Crawl Stone Soup version 0.32-a0-711-g016ad743e0 (webtiles) character file.

Game seed: 9743095773817336049

198 Newt the Trooper (level 5, -2/34 HPs)
             Began as a Gargoyle Fighter on Mar 15, 2024.
             Slain by an ogre
             ... wielding a +0 giant club
              (21 damage)
             ... on level 4 of the Dungeon.
             The game lasted 00:02:26 (2791 turns).

Newt the Trooper (Gargoyle Fighter)                 Turns: 2791, Time: 00:02:26

Health: -2/34      AC: 12    Str: 22    XL:     5   Next: 76%
Magic:  5/5        EV: 13    Int:  8    God:
Gold:   155        SH:  4    Dex:  9    Spells: 4/4 levels left

rFire   . . .        e - +0 morningstar
rCold   . . .        c - +0 buckler
rNeg    + . .        b - +0 scale mail
rPois   ∞            (no helmet)
rElec   +            (no cloak)
rCorr   .            (no gloves)
SInv    .            f - +0 pair of boots
Will    .....        (no amulet) Stlth
                     s - +5 ring of evasion
HPRegen 0.25/turn    (no ring)
MPRegen 0.09/turn

%: no passive effects
@: mighty
A: sickness immunity, AC +4, negative energy resistance 1, electricity
resistance, torment resistance 1, petrification resistance
a: no special abilities


You were on level 4 of the Dungeon.
You visited 1 branch of the dungeon, and saw 4 of its levels.

You collected 155 gold pieces.

Inventory:

Hand Weapons
 a - a +0 flail
 e - a +0 morningstar (weapon)
Missiles
 r - 6 javelins (quivered)
Armour
 b - a +0 scale mail (worn)
 c - a +0 buckler (worn)
 f - a +0 pair of boots (worn)
 p - the orb "Gischah" {mayhem, Int+6}
   (You found it on level 2 of the Dungeon)

   Int+6:     It affects your intelligence (+6).
 u - a +0 plate armour
Jewellery
 s - a +5 ring of evasion (left hand)
Scrolls
 g - a scroll of enchant armour {unknown}
 i - 3 scrolls of teleportation
 j - a scroll of amnesia {unknown}
 k - a scroll of torment {unknown}
 l - a scroll of blinking {unknown}
 n - a scroll of poison {unknown}
 q - a scroll of identify {unknown}
 t - a scroll of silence {unknown}
 v - a scroll of vulnerability {unknown}
Potions
 h - 2 potions of curing {unknown}
 m - 4 potions of attraction {unknown}
 o - a potion of brilliance {unknown}


   Skills:
 + Level 4.8 Fighting
 * Level 4.8 Maces & Flails
 - Level 3.2 Armour
 - Level 3.2 Shields


You had 4 spell levels left.
You didn't know any spells.
Your spell library was empty.

Dungeon Overview and Level Annotations

Branches:
Dungeon (4/15)
 Temple: D:4-7

Altars:
Ashenzari
Fedhas


Innate Abilities, Weirdness & Mutations

You are immune to sickness and miasma.
Your stone body is resilient. (AC +4)
You are immune to poison.
You resist negative energy. (rN+)
You are resistant to electric shocks. (rElec)
You are resistant to unholy torment.
You are immune to petrification.


Message History

You sock the giant cockroach!
You kill the giant cockroach!
No target in view!
Found 4 stones.
i - 3 scrolls of teleportation (gained 1)
You now have 145 gold pieces (gained 11).
You now have 155 gold pieces (gained 10).
Found a stone staircase leading down.
Found 3 atropa-tipped darts.
No target in view!
No target in view!
A sleepcap comes into view.
A sleepcap is nearby!
An ogre comes into view. It is wielding a +0 giant club.
The ogre shouts!
The sleepcap misses you.
You sock the sleepcap!
The sleepcap is heavily damaged.
The sleepcap closely misses you.
You hit the sleepcap but do no damage.
The sleepcap is heavily damaged.
The sleepcap releases spores at you but does no damage. x2
You puncture the sleepcap!
The sleepcap is almost destroyed.
The ogre hits you with a +0 giant club! The sleepcap closely misses you.
You hit the sleepcap.
The sleepcap is almost destroyed.
The sleepcap releases spores at you but does no damage.
The ogre closely misses you.
You puncture the sleepcap!
You destroy the sleepcap!
The ogre closely misses you.
You barely miss the ogre.
An ogre is nearby!
An ogre is nearby!
Unknown command.
You feel very mighty all of a sudden.
The ogre hits you with a +0 giant club!!
Ouch! That really hurt!
You die...

# #.. #. #..##
#.##.#.#
#....... #.
.##....(# .
........# .###
.##.....# ...
.....>O@#..#
#####.#.#.#.##
#........#
#.#.#..#...
#.#.#..#
#.#####...# ...
#.......######.#
##.#####...# #.#
.#. ♣...~....#
#.########...


You could see an ogre.

Vanquished Creatures
  A bombardier beetle (D:4)
  A sleepcap (D:4)
  Terence (D:3)
  3 adders
  A dart slug (D:1)
  5 orcs (D:3)
  5 endoplasms
  8 giant cockroaches
  8 goblins
  9 hobgoblins
  3 jackals (D:2)
  3 quokkas
  2 ball pythons (D:3)
  7 bats
  3 frilled lizards
  8 kobolds
  3 rats
71 creatures vanquished.

Notes
Turn   | Place    | Note
-------+----------+-------------------------------------------
     0 | D:1      | Newt the Gargoyle Fighter began the quest for the Orb.
     0 | D:1      | Reached XP level 1. HP: 14/14 MP: 1/1
   114 | D:1      | Reached XP level 2. HP: 19/19 MP: 2/2
   341 | D:1      | Found a faded altar of an unknown god.
   347 | D:1      | Reached XP level 3. HP: 24/24 MP: 3/3
   587 | D:1      | You fall into a shaft and drop 1 floor!
  1091 | D:2      | Identified the orb "Gischah" {mayhem, Int+6}
  1371 | D:2      | Reached XP level 4. HP: 24/29 MP: 4/4
  1573 | D:3      | Noticed Terence
  1583 | D:3      | Killed Terence
  1914 | D:3      | Reached XP level 5. HP: 26/34 MP: 5/5
  2125 | D:3      | Found a blossoming altar of Fedhas.
  2180 | D:3      | Found a broken altar of Ashenzari.
  2783 | D:4      | Noticed an ogre
  2791 | D:4      | Slain by an ogre

Illustrated notes

Levels and vault maps discovered:
D:1:      amcnicky_arrival_underground_garden, layout_basic,
          ebering_ecumenical_altar_webs, nrook_campfire, skrybe_limestone_x
D:2:      layout_loops_ring, kennysheep_generic_room_3
D:3:      layout_loops_corners, mainiacjoe_overflow_small_starburst,
          mainiacjoe_overflow_alcove_2, uniq_terence
D:4:      layout_loops_cross, mainiacjoe_overflow_swirl, serial_rivers,
          chequers_serial_rivers_room_b, chequers_serial_rivers_marsh,
          chequers_serial_rivers_small_b, chequers_serial_rivers_micro_e,
          chequers_serial_rivers_small_b, uniq_robin, uniq_edmund, uniq_duvessa,
          uniq_grinder

Skill      XL: |  1  2  3  4 |
---------------+-------------+-----
Maces & Flails | 3 4 |  4.8
Fighting       | 4 |  4.8
Armour         | |  3.2
Shields        | |  3.2

Action                     |  1- 3 |  4- 6 || total
---------------------------+-------+-------++-------
  Melee: Flail             |    42 |       ||    42
         Morningstar       |    86 |    92 ||   178
    Use: Scroll            |       |     1 ||     1
         Potion            |       |     1 ||     1
 Armour: Scale mail        |    85 |    56 ||   141
  Dodge: Dodged            |    61 |    49 ||   110
  Block: Buckler           |    34 |     9 ||    43

Table legend: (Time is in decaauts)
 A = Elapsed time spent in this place.
 B = Non-inter-level travel time spent in this place.
 C = Inter-level travel time spent in this place.
 D = Time resting spent in this place.
 E = Time spent auto-exploring this place.
 F = Levels seen in this place.
 G = Mean time per level.
                   A        B        C        D        E       F      G
               +--------+--------+--------+--------+--------+-----+--------+
         Total |   2866 |   2720 |    146 |    189 |   1993 |   4 |  716.5 |
       Dungeon |   2866 |   2720 |    146 |    189 |   1993 |   4 |  716.5 |
               +--------+--------+--------+--------+--------+-----+--------+

Top non-repeatable levels by time:
     D:3: 985 daAuts
     D:1: 817 daAuts
     D:2: 782 daAuts
     D:4: 281 daAuts
